 Dungeon Crawl Stone Soup version 0.26-a0-597-gb535b0901c (webtiles) character file.

Game seed: 8957064171584926005

3 ANON1729 the Sneak (level 1, -7/18 HPs)
             Began as a Demonspawn Delver on Aug 25, 2020.
             Mangled by an ice beast (8 damage)
             ... on level 6 of the Dungeon.
             The game lasted 00:00:22 (102 turns).

ANON1729 the Sneak (Demonspawn Delver)               Turns: 102, Time: 00:00:23

Health: -7/18      AC:  3    Str: 12    XL:     1   Next: 41%
Magic:  1/1        EV: 12    Int: 11    God:
Gold:   28         SH:  0    Dex: 14    Spells: 0/0 levels left

rFire    . . .     SeeInvis .   a - +0 short sword
rCold    . . .     Faith    .   (no shield)
rNeg     . . .     Spirit   .   b - +0 leather armour
rPois    .         Reflect  .   (no helmet)
rElec    .         Harm     .   (no cloak)
rCorr    .                      (no gloves)
MR       .....                  (no boots)
Stlth    +++.......             (no amulet)
HPRegen  0.06/turn              (no ring)
MPRegen  0.07/turn              (no ring)

@: no status effects
A: no striking features
a: no special abilities


You were on level 6 of the Dungeon.
You visited 1 branch of the dungeon, and saw 2 of its levels.

You collected 28 gold pieces.

Inventory:

Hand Weapons
 a - a +0 short sword (weapon)
Armour
 b - a +0 leather armour (worn)
Wands
 g - a wand of digging (3)
 h - a wand of enslavement (7)
Scrolls
 c - a scroll of fog
 d - a scroll of magic mapping
 e - a scroll of fear
 i - a scroll of amnesia {unknown}
 j - a scroll of teleportation {unknown}
Potions
 f - 2 potions of haste


   Skills:
 + Level 3.0 Fighting
 + Level 1.8 Short Blades
 + Level 1.8 Dodging
 + Level 4.5 Stealth


You couldn't memorise any spells.
You didn't know any spells.
Your spell library was empty.

Dungeon Overview and Level Annotations

Branches:
Dungeon (6/15)
 Temple: D:4-7

Altars:
Elyvilon


Message History

You are too injured to fight recklessly!
You are too injured to fight recklessly!
You are too injured to fight recklessly!
You are too injured to fight recklessly!
You are too injured to fight recklessly!
You are too injured to fight recklessly!
You are too injured to fight recklessly!
There is a stone staircase leading up here.
There is a stone staircase leading down here.
The ice beast misses you.
You climb downwards.
An ogre comes into view. It is wielding a +0 giant club.
Found a short sword and 16 gold pieces.
There is a stone staircase leading up here.
The ogre shouts!
A bullfrog skeleton comes into view.
The ice beast hits you.
* * * LOW HITPOINT WARNING * * *
The ice beast freezes you!
You die...

.... ..#
#Z.≈###≈.
##.)≈≈≈≈≈ .......
##..#.. . #..#O.#
#.. ...##....#
....
.......@.###...#
......##Y......##
...##....<.......
. ..........#..##
..........# .#
####.....##
#...##.. #... .##
.... .#


You could see an ice beast, an ogre and a bullfrog skeleton (wandering).

Vanquished Creatures
  A leopard gecko (D:5)
  A quokka (D:5)
2 creatures vanquished.

Notes
Turn   | Place    | Note
-------+----------+-------------------------------------------
     0 | D:5      | ANON1729 the Demonspawn Delver began the quest for the Orb.
     0 | D:5      | Reached XP level 1. HP: 18/18 MP: 1/1
    24 | D:5      | Found a white marble altar of Elyvilon.
    38 | D:5      | Noticed a worker ant
    73 | D:5      | Noticed an ice beast
    99 | D:6      | Noticed an ogre
   102 | D:6      | Mangled by an ice beast

Illustrated notes

Levels and vault maps discovered:
D:5:      layout_basic, elyvilon_altar_4
D:6:      layout_cave_pools, lemuel_doored_altar, marbit_many_paths,
          kennysheep_mini_moat, uniq_pikel

Action                   || total
-------------------------++-------
Melee: Short sword       ||    14
 Stab: Sleeping          ||     1
Armor: Leather armour    ||     6
Dodge: Dodged            ||     7

Table legend: (Time is in decaauts)
 A = Elapsed time spent in this place.
 B = Non-inter-level travel time spent in this place.
 C = Inter-level travel time spent in this place.
 D = Time resting spent in this place.
 E = Time spent auto-exploring this place.
 F = Levels seen in this place.
 G = Mean time per level.
                   A        B        C        D        E       F      G
               +--------+--------+--------+--------+--------+-----+--------+
         Total |    101 |    101 |      0 |      0 |     54 |   2 |   50.5 |
       Dungeon |    101 |    101 |      0 |      0 |     54 |   2 |   50.5 |
               +--------+--------+--------+--------+--------+-----+--------+

Top non-repeatable levels by time:
     D:5: 99 daAuts
     D:6: 2 daAuts
